 Dungeon Crawl Stone Soup version 0.30.1-11-g7821555f0a (webtiles) character file.

Game seed: 13810765820762295137

2370 Renzlar the Blocker (level 9, 74/74 HPs)
             Began as a Gnoll Fighter on Nov 1, 2023.
             Quit the game on level 7 of the Dungeon.
             The game lasted 00:24:25 (6585 turns).

Renzlar the Blocker (Gnoll Fighter)                 Turns: 6585, Time: 00:24:26

Health: 74/74      AC: 15    Str: 19    XL:     9   Next: 45%
Magic:  15/15      EV: 11    Int: 11    God:
Gold:   420        SH:  6    Dex: 14    Spells: 16/16 levels left

rFire   + . .        c - +0 sling
rCold   . . .        g - +0 buckler
rNeg    . . .        v - +3 scale mail "Fuivvoeb" {rF+ Str+2}
rPois   .            x - +0 helmet {Int+3}
rElec   .            s - +0 cloak
rCorr   .            o - +0 pair of gloves
SInv    .            (no boots)
Will    .....        p - amulet of guardian spirit
Stlth   +            (no ring)
HPRegen 0.32/turn    (no ring)
MPRegen 0.14/turn

%: guardian spirit
@: no status effects
A: fangs 1, strong nose, distributed training
a: no special abilities


You were on level 7 of the Dungeon.
You visited 2 branches of the dungeon, and saw 8 of its levels.

You collected 420 gold pieces.

Inventory:

Hand Weapons
 a - a +1 war axe
 c - a +0 sling (weapon)
 m - a +1 flail of venom
Missiles
 n - 5 poisoned darts
 r - 2 throwing nets
 B - 5 javelins
Armour
 g - a +0 buckler (worn)
 o - a +0 pair of gloves (worn)
 s - a +0 cloak (worn)
 v - the +3 scale mail "Fuivvoeb" (worn) {rF+ Str+2}
   (You took it off an orc on level 5 of the Dungeon)

   Str:       It affects your strength (+2).
   rF:        It protects you from fire.
 x - a +0 helmet of intelligence (worn)
Jewellery
 b - an amulet of reflection
 p - an amulet of guardian spirit (around neck)
 t - a ring of protection from fire
 C - a ring of positive energy
Wands
 l - a wand of paralysis (9)
 u - a wand of light (5)
 D - a wand of digging (5)
Scrolls
 j - a scroll of teleportation
 k - a scroll of fear
 w - 2 scrolls of enchant weapon
 y - 4 scrolls of enchant armour
 A - 2 scrolls of amnesia
Potions
 d - a potion of might
 e - 2 potions of heal wounds
 f - a potion of curing
 h - a potion of lignification {unknown}
 i - 2 potions of flight {unknown}
 q - a potion of magic
 z - a potion of resistance {unknown}


   Skills:
 + Level 8.0 Fighting
 + Level 4.4 Short Blades
 + Level 4.4 Long Blades
 + Level 6.4 Axes
 + Level 4.4 Maces & Flails
 + Level 4.4 Polearms
 + Level 4.4 Staves
 + Level 4.4 Ranged Weapons
 + Level 4.4 Throwing
 + Level 8.0 Armour
 + Level 4.4 Dodging
 + Level 4.4 Stealth
 + Level 8.0 Shields
 + Level 4.4 Unarmed Combat
 + Level 4.4 Spellcasting
 + Level 3.6 Conjurations
 + Level 3.6 Hexes
 + Level 3.6 Summonings
 + Level 3.6 Necromancy
 + Level 3.6 Translocations
 + Level 3.6 Transmutations
 + Level 3.6 Fire Magic
 + Level 3.6 Ice Magic
 + Level 3.6 Air Magic
 + Level 3.6 Earth Magic
 + Level 3.6 Poison Magic
 + Level 4.9 Invocations
 + Level 4.4 Evocations


You had 16 spell levels left.
You didn't know any spells.
Your spell library was empty.

Dungeon Overview and Level Annotations

Branches:
Dungeon (7/15)             Temple (1/1) D:5

Altars:
Ashenzari
Cheibriados
Elyvilon
Fedhas
Hepliaklqana
Makhleb
Nemelex Xobeh
Okawaru
Qazlal
Sif Muna
Trog
Uskayaw
Vehumet
Xom
Zin
The Shining One


Innate Abilities, Weirdness & Mutations

You have very sharp teeth.
Your uncanny sense of smell can sniff out nearby items.
Your experience applies equally to all skills.


Message History

The ice beast is severely wounded.
The ice beast barely misses you.
The ice beast hits you but does no damage.
You closely miss the ice beast.
The ice beast is severely wounded.
The ice beast hits you but does no damage.
You barely miss the ice beast.
You bite the ice beast, but do no damage.
The ice beast is severely wounded.
The ice beast hits you but does no damage.
You barely miss the ice beast.
The ice beast is severely wounded.
You block the ice beast's attack.
You hit the ice beast.
The ice beast is almost dead.
The ice beast hits you but does no damage.
You slash the ice beast!
You kill the ice beast!
c - a +0 sling (weapon)
There is an open door here.
Things that are here:
a +0 flail; a +0 leather armour; an orc corpse Magic restored.
HP restored.
You open the door.
There is an open door here.
Found a stone staircase leading down.
D - a wand of digging (5)
There is an open door here.
There is a fountain of clear blue water here.
You open the door.
Found a robe.
There is an open door here.
You now have 420 gold pieces (gained 19).
A - 2 scrolls of amnesia (gained 1) Done exploring.
Saving game... please wait.
Welcome back, Renzlar the Gnoll Fighter.
Press ? for a list of commands and other information.
Are you sure you want to abandon this character and quit the game? (Confirm with "yes".)

#....... ####.....#.
#.##...#... ##...##.#...
###....#...... ##...#.####....
######## #.....#####....
#......####.......##.....
####+####..@#...............
#≈≈≈.≈≈≈###.#......###...##.
#≈.....≈##...#..##.# ##...#.
###≈.....≈##......##.# ##....
#.+...>...)......###.# ##...
#.#≈.....≈####...##..########.
#.#≈.....≈##....##....##.#.##.
#.#≈≈≈.≈≈≈#...................
#.####'####.....###...........


There were no monsters in sight!

Vanquished Creatures
  Prince Ribbit (D:5)
  Eustachio (D:5)
  Duvessa (D:6)
  2 orc warriors (D:6)
  A sky beast (D:7)
  An ogre (D:4)
  A black bear (D:5)
  4 ice beasts
  The ghost of Zhuub the Ruffian, an amateur DrTm of Sif Muna (D:3)
  A centaur (D:7)
  2 scorpions
  A wyvern skeleton (D:3)
  Dowan (D:6)
  A bullfrog zombie (D:3)
  4 hounds
  A jelly (D:7)
  2 orc priests (D:7)
  2 sleepcaps
  3 iguanas
  3 orc wizards
  5 gnolls
  13 adders
  A river rat (D:3)
  2 shadow imps
  A white imp (D:6)
  7 dart slugs
  14 orcs
  5 endoplasms
  3 giant cockroaches
  7 hobgoblins
  4 jackals (D:2)
  8 kobolds
  4 quokkas
  3 ball pythons
  4 bats
  5 frilled lizards
  5 goblins
  4 rats
129 creatures vanquished.

Vanquished Creatures (others)
  An orc (D:6)
1 creature vanquished.

Grand Total: 130 creatures vanquished

Notes
Turn   | Place    | Note
-------+----------+-------------------------------------------
     0 | D:1      | Renzlar the Gnoll Fighter began the quest for the Orb.
     0 | D:1      | Reached XP level 1. HP: 23/23 MP: 1/1
   380 | D:1      | Reached XP level 2. HP: 29/29 MP: 2/2
   738 | D:2      | Reached XP level 3. HP: 35/35 MP: 2/4
   793 | D:2      | Reached skill level 1 in Invocations
   906 | D:2      | Reached skill level 1 in Short Blades
   906 | D:2      | Reached skill level 1 in Long Blades
   906 | D:2      | Reached skill level 1 in Maces & Flails
   906 | D:2      | Reached skill level 1 in Polearms
   906 | D:2      | Reached skill level 1 in Staves
   906 | D:2      | Reached skill level 1 in Ranged Weapons
   906 | D:2      | Reached skill level 1 in Throwing
   906 | D:2      | Reached skill level 1 in Dodging
   906 | D:2      | Reached skill level 1 in Stealth
   906 | D:2      | Reached skill level 1 in Unarmed Combat
   906 | D:2      | Reached skill level 1 in Spellcasting
   906 | D:2      | Reached skill level 1 in Evocations
  1161 | D:2      | Found a faded altar of an unknown god.
  1419 | D:3      | Reached XP level 4. HP: 41/41 MP: 5/5
  1502 | D:3      | Found a transporter.
  1506 | D:3      | Found a transporter.
  1507 | D:3      | Noticed Zhuub's ghost (amateur DrTm)
  1529 | D:3      | Reached skill level 1 in Conjurations
  1529 | D:3      | Reached skill level 1 in Hexes
  1529 | D:3      | Reached skill level 1 in Summonings
  1529 | D:3      | Reached skill level 1 in Necromancy
  1529 | D:3      | Reached skill level 1 in Translocations
  1529 | D:3      | Reached skill level 1 in Transmutations
  1529 | D:3      | Reached skill level 1 in Fire Magic
  1529 | D:3      | Reached skill level 1 in Ice Magic
  1529 | D:3      | Reached skill level 1 in Air Magic
  1529 | D:3      | Reached skill level 1 in Earth Magic
  1529 | D:3      | Reached skill level 1 in Poison Magic
  1529 | D:3      | Reached XP level 5. HP: 18/47 MP: 5/7
  1534 | D:3      | Killed Zhuub's ghost
  1535 | D:3      | Reached XP level 6. HP: 15/53 MP: 5/8
  2132 | D:3      | Reached skill level 5 in Axes
  3081 | D:4      | Found a broken altar of Ashenzari.
  3196 | D:4      | Reached XP level 7. HP: 60/60 MP: 10/10
  3363 | D:4      | Found a shimmering altar of Xom.
  3401 | D:4      | Found a hide-covered altar of Uskayaw.
  3489 | D:5      | Entered Level 5 of the Dungeon
  3601 | D:5      | Noticed Eustachio
  3619 | D:5      | Killed Eustachio
  3905 | D:5      | Found a staircase to the Ecumenical Temple.
  3914 | Temple   | Entered the Ecumenical Temple
  3914 | Temple   | Found a transporter.
  3914 | Temple   | Found a transporter.
  3916 | Temple   | Found a transporter.
  3916 | Temple   | Found a transporter.
  3998 | D:5      | Identified the +1 falchion "Xoin" {heavy, Drain rElec rN+
                  | Str+4}
  4024 | D:5      | Noticed Prince Ribbit
  4034 | D:5      | Killed Prince Ribbit
  4035 | D:5      | Reached XP level 8. HP: 49/67 MP: 8/12
  4299 | D:5      | Identified the +3 scale mail "Fuivvoeb" {rF+ Str+2}
  5027 | D:6      | Noticed Dowan
  5028 | D:6      | Noticed Duvessa
  5046 | D:6      | Killed Duvessa
  5053 | D:6      | Killed Dowan
  5183 | D:6      | Found a radiant altar of Vehumet.
  5184 | D:6      | Found a snail-covered altar of Cheibriados.
  5185 | D:6      | Found a bloodstained altar of Trog.
  5585 | D:6      | Reached XP level 9. HP: 70/73 MP: 12/14
  6014 | D:7      | Found a flagged portal.
  6585 | D:7      | Quit the game

Illustrated notes

Levels and vault maps discovered:
D:1:      dpeg_arrival_tiny_j, layout_loops_cross, roderic_malta_cross
D:2:      layout_rooms, shapermc_ecumenical_altar_flowoftime
D:3:      layout_loops_corners, gup_sewer_entry_bubbles,
          gammafunk_ghost_mausoleum
D:4:      layout_cave_pools, nicolae_uskayaw_murder_on_the_dancefloor,
          ashenzari_conservatory_becter, serial_park, serial_park_gazebo
          [serial_park_minivault_5x5_7], serial_park_square3
          [serial_park_minivault_5x5_6]
D:5:      minmay_spotlight, layout_gridville, minmay_temple_entry_statues,
          minmay_misc_feat_diagonals, uniq_prince_ribbit1, uniq_eustachio
D:6:      layout_basic, chequers_temple_overflow_statue_of_worship, uniq_duvessa
D:7:      layout_cave_pools, enter_bailey_7, minmay_fountain_box,
          kennysheep_small_square
Temple:   hellmonk_temple_divided_pantheon

Skill      XL: |  1  2  3  4  5  6  7  8  9 |
---------------+----------------------------+-----
Invocations    | 1 2 3 4 |  4.9
Short Blades   | 1 2 3 4 |  4.4
Long Blades    | 1 2 3 4 |  4.4
Maces & Flails | 1 2 3 4 |  4.4
Polearms       | 1 2 3 4 |  4.4
Staves         | 1 2 3 4 |  4.4
Ranged Weapons | 1 2 3 4 |  4.4
Throwing       | 1 2 3 4 |  4.4
Dodging        | 1 2 3 4 |  4.4
Stealth        | 1 2 3 4 |  4.4
Unarmed Combat | 1 2 3 4 |  4.4
Spellcasting   | 1 2 3 4 |  4.4
Evocations     | 1 2 3 4 |  4.4
Conjurations   | 1 2 3 |  3.6
Hexes          | 1 2 3 |  3.6
Summonings     | 1 2 3 |  3.6
Necromancy     | 1 2 3 |  3.6
Translocations | 1 2 3 |  3.6
Transmutations | 1 2 3 |  3.6
Fire Magic     | 1 2 3 |  3.6
Ice Magic      | 1 2 3 |  3.6
Air Magic      | 1 2 3 |  3.6
Earth Magic    | 1 2 3 |  3.6
Poison Magic   | 1 2 3 |  3.6
Axes           | 5 6 |  6.4
Fighting       | 7 8 |  8.0
Armour         | 7 8 |  8.0
Shields        | 7 8 |  8.0

Action                     |  1- 3 |  4- 6 |  7- 9 || total
---------------------------+-------+-------+-------++-------
  Melee: War axe           |    34 |   101 |   208 ||   343
         Bite              |     4 |    11 |    21 ||    36
         Flail             |       |     8 |     2 ||    10
         Unarmed           |       |       |    18 ||    18
   Fire: Sling             |    48 |    59 |    94 ||   201
  Throw: Dart              |       |     4 |     5 ||     9
  Evoke: Wand              |       |       |     4 ||     4
    Use: Scroll            |     5 |     4 |     7 ||    16
         Potion            |       |     1 |     1 ||     2
   Stab: Paralysed         |       |       |    11 ||    11
         Invisible         |       |       |     1 ||     1
 Armour: Scale mail        |    22 |    51 |   121 ||   194
  Dodge: Dodged            |    21 |    64 |   122 ||   207
  Block: Buckler           |     6 |    34 |    71 ||   111
